AoeStats
← Jazzmushroom

MegaRandom

506579123Analyzed
1v1 RM · 19d ago on Sep 14, 2026· 21m 10s· 2 players
Game mode
Random Map
Map size
Tiny (2 player)
Population
200
Speed
Normal
Resources
Standard
Victory
Conquest
Starting age
Dark Age
Ending age
Imperial Age
RankedLock teamsTeams togetherTeam positionsShared explorationLock speedFull tech treeHidden civsTurbo modeCheats
Victory
Defeat
🇺🇸 Romans · United States
1398
+16
🇺🇸 Romans · United States
1397
-16
Jazzmushroom
8:57 Loom
11:11 Feudal Age
12:13 Man-at-Arms
13:09 Double-Bit Axe
16:20 Scale Mail Armor
18:22 Wheelbarrow
19:10 Forging
raggnar_lothbrook
9:11 Feudal Age
9:18 Man-at-Arms
10:35 Scale Mail Armor
13:44 Forging
18:04 Fletching
21:03 Castle Age
19:36 Double-Bit Axe
19:33 Horse Collar
21:05 Long Swordsman
Connection lost

Rejoining the realm…

Still unreachable

The connection could not be restored.

Session expired

The server has moved on; the page needs a fresh start.